 Dungeon Crawl Stone Soup version 0.31-a0-221-gbddc013574 (webtiles) character file.

Game seed: 4639265997577805339

42 Midn8 the Cudgeller (level 3, -6/36 HPs)
             Began as an Ogre Reaver on July 4, 2023.
             Was an Initiate of Yredelemnul.
             Killed by divine providence
             ... invoked by an orc priest
              (10 damage)
             ... on level 2 of the Dungeon.
             The game lasted 00:03:53 (1029 turns).

Midn8 the Cudgeller (Ogre Reaver)                   Turns: 1029, Time: 00:03:53

Health: -6/36      AC:  3    Str: 16    XL:     3   Next: 56%
Magic:  6/6        EV:  9    Int: 16    God:    Yredelemnul [......]
Gold:   62         SH:  0    Dex:  7    Spells: 3/6 levels left

rFire   . . .        a - +0 mace
rCold   + . .        (no shield)
rNeg    . . .        b - +0 robe
rPois   .            (helmet restricted)
rElec   .            (no cloak)
rCorr   .            (gloves unavailable)
SInv    .            (boots unavailable)
Will    .....        (no amulet)
Stlth   +            h - ring of protection from cold
HPRegen 0.26/turn    (no ring)
MPRegen 0.10/turn

%: no passive effects
@: no status effects
A: large, unfitting armour, tough skin 1
a: Renounce Religion, Recall Undead Harvest


You were on level 2 of the Dungeon.
You worshipped Yredelemnul.
Yredelemnul was noncommittal.
You visited 1 branch of the dungeon, and saw 2 of its levels.

You collected 62 gold pieces.

Inventory:

Hand Weapons
 a - a +0 mace (weapon)
Armour
 b - a +0 robe (worn)
Jewellery
 h - a ring of protection from cold (left hand)
Scrolls
 c - 2 scrolls of identify {unknown}
 e - a scroll of teleportation {unknown}
Potions
 d - a potion of haste {unknown}
 f - a potion of berserk rage {unknown}
 g - 2 potions of curing {unknown}
 i - 2 potions of attraction {unknown}


   Skills:
 - Level 2.6 Fighting
 - Level 4.0 Maces & Flails
 - Level 1.7 Dodging
 - Level 2.4 Spellcasting
 - Level 2.6 Conjurations
 + Level 0.7 Invocations


You had 3 spell levels left.
You knew the following spells:

 Your Spells              Type           Power      Damage    Failure   Level
a - Kiss of Death         Conj/Necr      24%        2d7       12%         1
s - Momentum Strike       Conj/Tloc      12%        3d8       17%         2

Your spell library contained the following spells:

 Spells                   Type           Power      Damage    Failure   Level
 Hailstorm                Conj/Ice       6%         3d4       34%         3


Dungeon Overview and Level Annotations

Branches:
Dungeon (2/15)

Altars:
Yredelemnul

Shops:
D:2 (


Innate Abilities, Weirdness & Mutations

You are too large for most types of armour.
You have tough skin. (AC +1)


Message History

Unknown command.
You hit the goblin.
The goblin is severely wounded.
The goblin hits you with a +0 dagger.
The orc hits your endoplasm zombie with a +0 club.
Your endoplasm zombie hits the orc.
Unknown command.
You closely miss the goblin.
The goblin is severely wounded.
The goblin hits you but does no damage. The orc hits you with a +0 club.
* * * LOW HITPOINT WARNING * * *
Unknown command.
You completely miss the goblin.
The goblin is severely wounded.
The goblin hits you with a +0 dagger.
* * * LOW HITPOINT WARNING * * *
The orc hits your endoplasm zombie with a +0 club.
Your endoplasm zombie barely misses the orc.
The orc hits you with a +0 club.
* * * LOW HITPOINT WARNING * * *
The goblin hits you with a +0 dagger.
* * * LOW HITPOINT WARNING * * *
You miss the goblin.
The goblin is severely wounded.
Your endoplasm zombie closely misses the orc.
The goblin hits you with a +0 dagger.
* * * LOW HITPOINT WARNING * * *
The orc hits your endoplasm zombie with a +0 club.
Your endoplasm zombie is destroyed!
The orc attacks as you move away! The orc closely misses you.
The goblin hits you with a +0 dagger.
* * * LOW HITPOINT WARNING * * *
The orc priest calls upon Beogh to heal the orc.
The orc's wounds heal themselves!
Unknown command.
Found a stone staircase leading down.
The goblin closely misses you.
The orc priest mumbles some strange prayers to Beogh against you.
Beogh smites you!
You die...
Your body rises from the dead as a mindless zombie.

## ## .. .# .#####
.##......
##.........
########o.........
>.......g##)o.....
.......@o.o)......
#########Z##......
#...# ......
##.### .##### #..#
#... #.####..#
#.###..# #.#
##.ZZ..# #.#
#......#


You could see 2 orc priests, 2 orcs, a goblin and a friendly rat zombie.

Vanquished Creatures
  An orc (D:2)
  4 bats
  7 endoplasms
  4 goblins
  3 hobgoblins (D:1)
  2 kobolds (D:1)
  3 quokkas
  3 ball pythons
  A frilled lizard (D:1)
  3 rats
31 creatures vanquished.

Vanquished Creatures (collateral kills)
  An orc (D:2)
  A giant cockroach (D:1)
  A goblin (D:1)
  A ball python (D:1)
  A kobold (D:1)
5 creatures vanquished.

Vanquished Creatures (others)
  A bat zombie (D:1)
  An endoplasm zombie (D:2)
  An orc zombie (D:2)
  A quokka zombie (D:2)
4 creatures vanquished.

Grand Total: 40 creatures vanquished

Notes
Turn   | Place    | Note
-------+----------+-------------------------------------------
     0 | D:1      | Midn8 the Ogre Reaver began the quest for the Orb.
     0 | D:1      | Reached XP level 1. HP: 22/22 MP: 3/3
    49 | D:1      | Reached skill level 3 in Maces & Flails
   100 | D:1      | Reached XP level 2. HP: 21/29 MP: 5/5
   133 | D:1      | Learned a level 2 spell: Momentum Strike
   252 | D:1      | Found a faded altar of an unknown god.
   270 | D:1      | Prayed at the altar of an unknown god.
   270 | D:1      | Became a worshipper of Yredelemnul the Dark
   270 | D:1      | Reached * piety under Yredelemnul
   379 | D:1      | Reached XP level 3. HP: 33/36 MP: 6/6
   531 | D:1      | Reached ** piety under Yredelemnul
   924 | D:2      | Found Ykyplemi's Antique Weapon Shop.
   928 | D:2      | Reached skill level 4 in Maces & Flails
  1029 | D:2      | Killed from afar by an orc priest

Illustrated notes

Levels and vault maps discovered:
D:1:      psy_arrival_whirlpool, layout_basic,
          hellmonk_ecumenical_altar_inner_sanctum
D:2:      cheibrodos_pilgrimage, layout_rooms, serial_shops,
          nicolae_shop_rolling_square, minmay_box_of_dots

Skill      XL: |  1  2  3 |
---------------+----------+-----
Maces & Flails | 3 4 |  4.0
Fighting       | |  2.6
Dodging        | |  1.7
Spellcasting   | |  2.4
Conjurations   | |  2.6
Invocations    | |  0.7

Action                     || total
---------------------------++-------
  Melee: Mace              ||    66
 Armour: Robe              ||    24
  Dodge: Dodged            ||    26

Table legend: (Time is in decaauts)
 A = Elapsed time spent in this place.
 B = Non-inter-level travel time spent in this place.
 C = Inter-level travel time spent in this place.
 D = Time resting spent in this place.
 E = Time spent auto-exploring this place.
 F = Levels seen in this place.
 G = Mean time per level.
                   A        B        C        D        E       F      G
               +--------+--------+--------+--------+--------+-----+--------+
         Total |   1043 |    916 |    127 |     78 |    635 |   2 |  521.5 |
       Dungeon |   1043 |    916 |    127 |     78 |    635 |   2 |  521.5 |
               +--------+--------+--------+--------+--------+-----+--------+

Top non-repeatable levels by time:
     D:1: 879 daAuts
     D:2: 164 daAuts
